 Dungeon Sprint DCSS version 0.24.0-41-g2ae2f7f1be (webtiles) character file.

Game seed: 2261026376941422002, levelgen mode: deterministic

14 Groucho the Covered (level 2, -3/20 HPs)
             Began as a Gargoyle Fighter on Dec 13, 2019.
             Was a Priest of Cheibriados.
             Killed by divine providence
             ... invoked by an orc priest
              (12 damage)
             ... in the Dungeon (Sprint VII: "The Pits").
             The game lasted 00:01:41 (450 turns).

Groucho the Covered (Gargoyle Fighter)               Turns: 450, Time: 00:01:42

Health: -3/20      AC: 12    Str: 26    XL:     2   Next: 41%
Magic:  2/2        EV:  7    Int: 15    God:    Cheibriados [***...]
Gold:   0          SH: 10    Dex: 16    Spells: 1/1 levels left

rFire    . . .     SeeInvis .   l - +2 hand axe
rCold    . . .     Gourm    .   c - +0 shield
rNeg     + . .     Faith    .   r - +3 scale mail
rPois    ∞         Spirit   .   (no helmet)
rElec    +         Reflect  .   (no cloak)
rCorr    .         Harm     .   (no gloves)
MR       .....     NoTele   +   (no boots)
Stlth    ..........             (no amulet)
HPRegen  0.06/turn              (no ring)
MPRegen  0.08/turn              (no ring)

@: very slightly contaminated, invisible, very slow
A: negative energy resistance 1, electricity resistance, unbreathing,
petrification resistance, rot immunity, AC +2
a: Bend Time, Temporal Distortion, Renounce Religion


You were in the Dungeon.
You worshipped Cheibriados.
Cheibriados was most pleased with you.
You were not hungry.

You visited 1 branch

Inventory:

Hand Weapons
 b - a +2 flail of crushing
 l - a +2 hand axe (weapon)
Missiles
 n - 12 stones (quivered)
Armour
 c - a +0 shield (worn)
 r - a +3 scale mail (worn)
Scrolls
 k - a scroll of blinking
 o - 3 scrolls of remove curse
 p - 5 scrolls of amnesia
 q - a scroll of summoning
Potions
 a - a potion of invisibility
 d - a potion of might
 e - 6 potions of curing
 g - 5 potions of heal wounds
 h - a potion of haste
 i - 4 potions of magic
 j - 3 potions of berserk rage
Comestibles
 f - 9 rations


   Skills:
 + Level 4.1 Fighting
 + Level 2.7 Axes
 + Level 4.1 Armour
 + Level 4.1 Shields
 + Level 0.8 Invocations


You had one spell level left.
You didn't know any spells.
Your spell library was empty.

Dungeon Overview and Level Annotations

Branches:
Dungeon (1/1)

Altars:
Ashenzari
Cheibriados
Dithmenos
Elyvilon
Fedhas
Gozag
Hepliaklqana
Kikubaaqudgha
Makhleb
Nemelex Xobeh
Okawaru
Qazlal
Ru
Sif Muna
Trog
Uskayaw
Vehumet
Wu Jian
Xom
Yredelemnul
Zin
The Shining One
Beogh
Jiyva
Lugonu


Innate Abilities, Weirdness & Mutations

You are resistant to torment.
Your stone body is resilient. (AC +2)
You are immune to poison.
You resist negative energy. (rN+)
You are resistant to electric shocks. (rElec)
You can survive without breathing.
You are immune to petrification.
You are immune to rotting.


Message History

The flying skull hits you. You block the flying skull's attack.
The centaur shoots an arrow.
You catch the helpless flying skull completely off-guard!
You hit the flying skull.
The flying skull is severely damaged.
The flying skull hits you.
The centaur shoots an arrow.
The arrow barely misses the orc priest.
The arrow hits the flying skull but does no damage.
The flying skull barely misses you.
You miss the flying skull.
The flying skull is severely damaged.
The flying skull hits you but does no damage.
The flying skull barely misses you.
You hit the flying skull but do no damage.
The flying skull is severely damaged.
The flying skull barely misses you.
The orc priest invokes the aid of Beogh against you.
Beogh smites you!
Ouch! That really hurt!
You die...

##########.##.....
#...........'.....
#'#####'#####.....
#.#..#...'.##.....
#.#..#...#.#####'#
#.#..#####.##.....
#.#..'...#.##.....
#.#..'...).##.....
#@#.†########...<.
#z#).'.)))[##.....
#o#..#.)))[##.....
#o###########.....
#c. ###### #5.#
#... ##.## ..


You could see a centaur, a flying skull, 2 orc priests and a crimson imp.

Vanquished Creatures
  A leopard gecko (D)
  2 orcs (D)
  A ball python (D)
  2 giant cockroaches (D)
  A goblin (D)
  A hobgoblin (D)
  A kobold (D)
9 creatures vanquished.

Vanquished Creatures (others)
  A giant cockroach (D)
1 creature vanquished.

Grand Total: 10 creatures vanquished

Notes
Turn   | Place    | Note
-------+----------+-------------------------------------------
     0 | D        | Groucho the Gargoyle Fighter began the quest for the Orb.
     0 | D        | Reached XP level 1. HP: 14/14 MP: 1/1
    44 | D        | Found a bloodstained altar of Trog.
    44 | D        | Found a shimmering blue altar of Sif Muna.
    44 | D        | Found a viscous altar of Jiyva.
    44 | D        | Found a hazy altar of Hepliaklqana.
    44 | D        | Found an opulent altar of Gozag.
    45 | D        | Found a glowing golden altar of the Shining One.
    45 | D        | Found a glowing silver altar of Zin.
    45 | D        | Found a basalt altar of Yredelemnul.
    45 | D        | Found a shimmering altar of Xom.
    45 | D        | Found an ornate altar of the Wu Jian Council.
    45 | D        | Found a sacrificial altar of Ru.
    45 | D        | Found a stormy altar of Qazlal.
    45 | D        | Found an iron altar of Okawaru.
    45 | D        | Found a sparkling altar of Nemelex Xobeh.
    45 | D        | Found a burning altar of Makhleb.
    45 | D        | Found a blossoming altar of Fedhas.
    45 | D        | Found a white marble altar of Elyvilon.
    45 | D        | Found a shadowy altar of Dithmenos.
    45 | D        | Found a snail-covered altar of Cheibriados.
    47 | D        | Found a radiant altar of Vehumet.
    47 | D        | Found a corrupted altar of Lugonu.
    47 | D        | Found a roughly hewn altar of Beogh.
    48 | D        | Found a hide-covered altar of Uskayaw.
    48 | D        | Found an ancient bone altar of Kikubaaqudgha.
    48 | D        | Found a shattered altar of Ashenzari.
    56 | D        | Became a worshipper of Cheibriados the Contemplative
    79 | D        | Reached * piety under Cheibriados
    88 | D        | Reached ** piety under Cheibriados
    88 | D        | Reached XP level 2. HP: 20/20 MP: 2/2
   365 | D        | Reached *** piety under Cheibriados
   430 | D        | Noticed a flying skull
   430 | D        | Noticed a crimson imp
   430 | D        | Noticed a centaur
   439 | D        | Noticed a porcupine
   450 | D        | Killed from afar by an orc priest

Levels and vault maps discovered:
D:        pitsprint [storerooms_1, entrance_room_1, metal_vault_5, armoury_2,
          mini_pit_1, grid_room_1, main_hall_1, silver_pit, the_coven_1,
          the_vestibule_1, steel_vault_5, golden_pit, hallway_of_sentries,
          crystal_vault_6, iron_vault_4, final_vault]

Skill      XL: |  1  2 |
---------------+-------+-----
Axes           | 2 |  2.7
Fighting       | 4 |  4.1
Armour         | 4 |  4.1
Shields        | 4 |  4.1
Invocations    | |  0.8

Action                   || total
-------------------------++-------
Melee: Hand axe          ||    34
       War axe           ||     4
  Use: Potion            ||     2
 Stab: Invisible         ||     1
Armor: Scale mail        ||    16
Dodge: Dodged            ||    17
Block: Shield            ||    21
